[Event "3rd President Cup-A 2024"]
[Site "Tashkent"]
[Date "2024.11.25"]
[Round "5.9"]
[White "Bernadskiy, Vitaliy"]
[Black "Bharadia Yash"]
[Result "1-0"]
[ECO "C50"]
[WhiteElo "2543"]
[BlackElo "2385"]
[Annotator "TA"]
[PlyCount "79"]
[EventDate "2024.11.22"]
[EventType "swiss"]
[EventCountry "UZB"]
[SourceTitle "playchess.com"]
[Source "ChessBase"]
[SourceQuality "1"]
[TimeControl "5400+30"]

1. e4 e5 2. Nf3 Nc6 3. Bc4 Nf6 4. d3 Bc5 5. Nc3 d6 6. Na4 Bb6 7. Nxb6 axb6 8. c3 Na5 {[%emt 0:10:36] Strongly threatening ...Nxc4.} 9. Bb5+ Bd7 10. Bxd7+ {[%emt 0:00:16] White has an edge.} Qxd7 11. O-O O-O 12. h3 Rfe8 13. Nh4 d5 14. Bg5 {[%emt 0:00:00] White wants to play Bxf6.} Qe6 (14... dxe4 $11 {keeps the balance.} 15. Bxf6 exd3) 15. Qf3 (15. f4 $16) 15... dxe4 $11 16. dxe4 Nd7 (16... Nc4 $5) 17. Nf5 h6 18. Be3 Kh7 19. Qg4 Rg8 20. Rad1 {[%emt 0:00:00][%cal Of5h6] Black must now prevent Nxh6!} Nf8 21. b3 {[%emt 0:00:00] Inhibits Nc4. White has more active pieces. The black rooks are passive.} Ng6 22. Rd3 Rad8 23. Rfd1 Rxd3 24. Rxd3 Nc6 25. g3 Rd8 {[%emt 0:04:31] [#]} 26. Rxd8 Nxd8 27. h4 {[%emt 0:00:00] And now h5 would win.} Qf6 28. Qh5 {[%emt 0:00:00] aiming for Bg5.} Kg8 29. Qd1 Nf8 {[%emt 0:00:15] Against Qd7} 30. a4 Nc6 31. b4 Kh7 ({Black should play} 31... Ne6) 32. Qd5 Nd8 (32... Qe6 $16 {is a better defense.}) 33. a5 $18 bxa5 {[%emt 0:01:38] Black is weak on the dark squares} 34. bxa5 {[%emt 0:00:00] Bc5 is the strong threat.} Nfe6 35. Qd7 h5 $2 (35... g5 36. hxg5 hxg5) 36. Ne7 {[%emt 0:00:00] White is clearly winning.} g6 {[%emt 0:00:28] [#]} 37. Bg5 $1 Qh8 (37... Qg7 38. Nd5) 38. Nd5 c6 39. Nf6+ Kg7 40. Ne8+ {[%emt 0:00:00] Weighted Error Value: White=0.10 (very precise) /Black=0.30.  Mistake:       	White=1     	Black=4      Inaccurate:     	---       	Black=4      OK:         	White=16    	Black=8      Best:        	White=2     	Black=7} 1-0

[Event "3rd President Cup-A 2024"]
[Site "Tashkent"]
[Date "2024.11.25"]
[Round "5.10"]
[White "Sankalp Gupta"]
[Black "Tillyaev, Ulugbek"]
[Result "1-0"]
[ECO "C46"]
[WhiteElo "2539"]
[BlackElo "2303"]
[Annotator "TA"]
[PlyCount "71"]
[EventDate "2024.11.22"]
[EventType "swiss"]
[EventCountry "UZB"]
[SourceTitle "playchess.com"]
[Source "ChessBase"]
[SourceQuality "1"]
[TimeControl "5400+30"]

1. e4 e5 2. Nf3 Nc6 3. d4 exd4 4. Nxd4 g6 5. Nc3 Bg7 6. Be3 d6 7. Qd2 Nge7 8. O-O-O Be6 9. Nxe6 fxe6 10. g3 Nc8 {[%emt 0:08:48] White is better.} 11. Bh6 Qe7 12. Bxg7 Qxg7 13. Bh3 Qf7 14. Nb5 {[%emt 0:00:00][%cal Oh3e6] Bxe6! would now be deadly.} O-O 15. Qc3 {[%emt 0:00:00][%cal Ob5c7] Repels Nb6. aiming for Nxc7!} e5 {[%emt 0:08:53] [#]} 16. f4 $1 $36 {[%emt 0:00:00][%cal Bf2f4,Bf4e5][%mdl 2080] Black must now prevent fxe5. Keeping Black busy. White has more active pieces. The black rooks are passive.} Nb6 17. Rhf1 {[%emt 0:00:00][%cal Bh1f1,Bf1f7,Bf7c7,Bc7b7][%mdl 32] Hoping for fxe5.} Qg7 18. Be6+ (18. Kb1 $14) 18... Kh8 $11 19. fxe5 (19. Qb3 {simplifies} Rf6 20. Bd5 Qd7 21. Qc3) 19... a6 $2 {[%emt 0:02:35] White leaves nothing to chance now.} (19... Na4 $11 {and Black has nothing to worry.} 20. Qa3 Rxf1 (20... Nc5 21. Bd5 $14) 21. Rxf1 Nc5) 20. Nxc7 $1 $18 Qxc7 {[%emt 0:00:19] [#]} (20... Na4 $142 21. Qa3 Qxc7) 21. Rf7 $1 Na4 22. Rxc7 Nxc3 23. bxc3 Nxe5 24. Rxb7 Rf6 25. Rxd6 Nc4 26. Rd4 ({Resist} 26. Bxc4 Rxd6 27. Bd5 Re8) 26... Ne3 (26... Rf1+ $142 27. Rd1 Rxd1+ 28. Kxd1 Nd6) 27. Bb3 {[%emt 0:00:00] Rdd7 would kill now.} Rf1+ 28. Kb2 {[%emt 0:00:00] White wants to mate with Rdd7.} Rf2 29. h4 Ng4 30. Rdd7 Nf6 31. Rf7 {[%emt 0:00:00] Intending e5 and mate.} a5 32. e5 {[%emt 0:00:00] White mates.} a4 33. exf6 a3+ 34. Kc1 Rf1+ 35. Kd2 Rd8+ 36. Ke2 {[%emt 0:00:00] Weighted Error Value: White=0.09 (flawless) /Black=0.89.  Loses game:     	---       	Black=1      Mistake:       	White=1     	Black=2      Inaccurate:     	White=2     	Black=1      OK:         	White=7     	Black=7      Best:        	White=2     	Black=3      Strong:       	White=1     	---        Brilliant:      	White=1     	---} 1-0

[Event "3rd President Cup-A 2024"]
[Site "Tashkent"]
[Date "2024.11.25"]
[Round "5.11"]
[White "Poormosavi, Seyed Kian"]
[Black "Atabayev, Saparmyrat"]
[Result "0-1"]
[ECO "A30"]
[WhiteElo "2381"]
[BlackElo "2520"]
[Annotator "TA"]
[PlyCount "70"]
[EventDate "2024.11.22"]
[EventType "swiss"]
[EventCountry "UZB"]
[SourceTitle "playchess.com"]
[Source "ChessBase"]
[SourceQuality "1"]
[TimeControl "5400+30"]

1. Nf3 Nf6 2. g3 c5 3. c4 Nc6 4. Bg2 d5 5. cxd5 Nxd5 6. O-O e5 7. Nc3 Be6 8. d3 Be7 9. Nxd5 Bxd5 10. Bd2 O-O 11. Bc3 f6 12. a4 Qd7 13. Nd2 {[%emt 0:01:38] Black is slightly better.} Be6 14. Nc4 b6 15. Qb3 Rab8 16. Qb5 Rfc8 17. f4 exf4 18. gxf4 (18. Rxf4 $11 Qb7 19. Re4) 18... Nd4 19. Bxd4 (19. Qxd7 $11 Bxd7 20. Bd5+ Kh8 21. e4) 19... Qxd4+ $15 (19... cxd4 20. f5 Qxb5 21. axb5 Bxc4 22. dxc4 $11) 20. Kh1 Kh8 21. Rad1 Rd8 22. e3 {[%emt 0:10:19] [#]} Qd7 23. Qa6 Qc7 24. a5 (24. Na3 $17) 24... Bg4 $19 25. axb6 axb6 26. Rd2 b5 27. Qa5 Qd7 28. Na3 {[%emt 0:00:13] [#]} c4 $1 29. d4 Bf8 30. e4 {[%emt 0:25:27] [#]} (30. Rdf2 $142) 30... c3 $1 {[%emt 0:00:00][%mdl 512] Black has a decisive advantage.} 31. Qxc3 (31. bxc3 Ra8) 31... b4 32. Qg3 bxa3 33. bxa3 Be6 34. d5 Qa4 35. Rd3 Bd7 {[%emt 0:00:00] Weighted Error Value: White=0.26 (precise) /Black=0.10 (very precise) .  Mistake:       	White=4     	---        Inaccurate:     	White=2     	Black=2      OK:         	White=12    	Black=12     Best:        	---       	Black=1} 0-1

[Event "3rd President Cup-A 2024"]
[Site "Tashkent"]
[Date "2024.11.25"]
[Round "5.12"]
[White "Vokhidov, Shamsiddin"]
[Black "Aleksandrov, Aleksej"]
[Result "1-0"]
[ECO "C54"]
[WhiteElo "2681"]
[BlackElo "2425"]
[Annotator "TA"]
[PlyCount "77"]
[EventDate "2024.11.22"]
[EventType "swiss"]
[EventCountry "UZB"]
[SourceTitle "playchess.com"]
[Source "ChessBase"]
[SourceQuality "1"]
[TimeControl "5400+30"]

1. e4 e5 2. Nf3 Nc6 3. Bc4 Bc5 4. c3 Nf6 5. d3 d6 6. Bg5 h6 7. Bh4 a6 8. a4 Ba7 9. Nbd2 g5 10. Bg3 {[%emt 0:00:35] The position is equal.} Nh7 11. b4 h5 {[%emt 0:04:27] ...h4 is the strong threat.} 12. h3 Qf6 13. b5 Na5 {[%emt 0:11:56] [#] ...h4 would now be deadly.} 14. d4 $1 exd4 (14... Nxc4 15. Nxc4) 15. Nxd4 (15. e5 $1 $14 Qg6 16. exd6 (16. cxd4 Nxc4 17. Nxc4 g4 $11) (16. Nxd4 Nxc4 17. Nxc4 h4 $11) 16... Nxc4 (16... dxc3 17. Qe2+ Kf8 18. O-O $14) 17. Nxc4 Qe6+ 18. Qe2) 15... h4 $11 16. Bh2 Bxd4 17. cxd4 Qxd4 18. Be2 O-O 19. O-O Be6 20. Qc2 axb5 21. axb5 b6 {[%emt 0:00:28] [#]} 22. Ra3 $1 {[%emt 0:07:47][%cal Oa3d3][%mdl 1024] White has strong compensation.} Rac8 23. Rc3 f5 $2 {[%emt 0:06:48] [#]} (23... Nb7 $16 24. e5 (24. Rxc7 $2 Rxc7 25. Qxc7 Qxd2 $19) (24. Nf3 Qg7 $18) 24... Nc5) 24. e5 $1 $18 (24. Rxc7 $2 Rxc7 25. Qxc7 Qxd2 $19) (24. exf5 Bxf5 25. Nf3 Qg7 $16) 24... d5 25. Nf3 (25. Rxc7 g4 (25... Rxc7 26. Qxc7 Qxd2 27. Qxb6 $11) 26. hxg4 Rxc7 27. Qxc7 fxg4 $17 (27... Qxd2 28. Qxb6 Qxe2 29. Qxe6+ Kh8 30. Qxd5 $15)) 25... Qb4 26. Rd1 {[%emt 0:01:25][%cal Of3d4] Strongly threatening Nd4!} (26. Rxc7 $6 Rfe8 27. Ra1 Rxc7 28. Qxc7 Qb2 $18) 26... Qe7 27. Nd4 Kh8 28. Bf3 {[%emt 0:01:59][%cal Be2f3,Bf3d5,Bd5e6][%mdl 32] Black must now prevent Nxe6.} f4 29. Nxe6 Qxe6 30. Qe2 Rce8 31. Bxd5 {[%emt 0:01:12] White is more active.} (31. Rxc7 $6 Qxe5 32. Qxe5+ Rxe5 $11) 31... Qxe5 {[%emt 0:00:09][%mdl 8192] [#]} (31... Qf5 $16) 32. Re3 $3 {[%emt 0:00:38][%mdl 512] White is clearly winning.} fxe3 33. Bxe5+ Rxe5 34. Qb2 exf2+ 35. Kf1 Rff5 36. Be6 Nf6 37. Bxf5 Nc4 38. Rd8+ (38. Qxf2 Rxf5 39. Qxf5 (39. Rd8+ $2 Kg7 $19) 39... Ne3+ 40. Kg1 Nxf5 $16) 38... Kg7 39. Qd4 {[%emt 0:00:25] Weighted Error Value: White=0.11 (very precise) /Black=0.19 (very precise) .  Loses game:     	---       	Black=1      Mistake:       	White=1     	Black=1      Inaccurate:     	White=1     	Black=3      OK:         	White=13    	Black=11     Best:        	White=2     	Black=1      Strong:       	White=1     	---        Brilliant:      	White=1     	---} (39. Qxf2 $2 {loses.} Rxf5 (39... Rxb5 $2 {perishes.} 40. Bd3 $18) 40. Rc8 (40. Rg8+ $2 Kxg8 41. Qxf5 Ne3+ 42. Ke2 Nxf5 $19) 40... Rxf2+ $19) 1-0

[Event "3rd President Cup-A 2024"]
[Site "Tashkent"]
[Date "2024.11.25"]
[Round "5.13"]
[White "Pranesh M"]
[Black "Uskov, Artem"]
[Result "1-0"]
[ECO "C54"]
[WhiteElo "2580"]
[BlackElo "2430"]
[Annotator "TA"]
[PlyCount "81"]
[EventDate "2024.11.22"]
[EventType "swiss"]
[EventCountry "UZB"]
[SourceTitle "playchess.com"]
[Source "ChessBase"]
[SourceQuality "1"]
[TimeControl "5400+30"]

1. e4 e5 2. Nf3 Nc6 3. Bc4 Bc5 4. c3 Nf6 5. d3 O-O 6. b4 Be7 7. Nbd2 d5 8. Bb3 a6 9. Bb2 {[%emt 0:00:30] The position is equal.} Bg4 10. Qc2 Qd7 11. h3 Bh5 12. O-O Rad8 13. a4 b5 14. axb5 axb5 15. Ra6 dxe4 16. dxe4 Rfe8 17. Re1 Bf8 18. Bc1 Nb8 19. Ra7 Qc8 20. Qa2 Nc6 {[%emt 0:00:30] Wards off Ra5} 21. Ra3 Nb8 22. Ra5 c6 23. Nf1 c5 24. bxc5 Qxc5 (24... Rd7 $14) 25. Be3 Qxc3 26. Rc1 (26. Ng3 $142 Bg6 (26... Bxf3 $2 27. Bxf7+ Kh8 28. Rc1 $18) 27. Rxb5) 26... Qb4 $16 27. Ng3 {[%emt 0:00:30] Hoping for Nxh5.} Bg6 {[%emt 0:00:30][%cal Od8d3] [#]} 28. Ra7 (28. Bd2 $142 $1 Qd6 29. Rxb5) 28... Re7 29. Ng5 Rxa7 30. Bxa7 Qe7 31. Nf5 $36 {[%emt 0:00:30][%mdl 2048] White has some pressure.} Qb7 32. Nh4 {[%emt 0:00:30] Nxg6 is the strong threat.} Bh5 (32... Nxe4 $11 33. Nxg6 Nxg5 34. Nxe5 Bd6) 33. Bxb8 Rxb8 {[%emt 0:00:30] [#]} 34. g4 $1 {[%emt 0:00:30] White is more active.} Nxg4 {[%emt 0:00:30][%mdl 8192] This move loses the game for Black.} 35. hxg4 $18 Qe7 36. Nhf3 Bg6 37. Rc6 {[%emt 0:00:30] Against Qf6} b4 {[%emt 0:00:30] [#]} 38. Rxg6 $1 {[%emt 0:00:30][%mdl 512] White mates.} hxg6 {[%emt 0:00:30] Black is weak on the light squares} (38... h6 39. Nxf7) 39. Kg2 Qf6 40. Bxf7+ Kh8 41. Qa1 {[%emt 0:00:30] Weighted Error Value: White=0.09 (flawless) /Black=0.46.  Loses game:     	---       	Black=1      Mistake:       	White=2     	Black=2      Inaccurate:     	White=1     	Black=2      OK:         	White=11    	Black=9      Best:        	White=2     	---        Strong:       	White=1     	---} 1-0

[Event "3rd President Cup-A 2024"]
[Site "Tashkent"]
[Date "2024.11.25"]
[Round "5.14"]
[White "Raja Rithvik R"]
[Black "Soham Kamotra"]
[Result "1/2-1/2"]
[ECO "B66"]
[WhiteElo "2528"]
[BlackElo "2420"]
[Annotator "TA"]
[PlyCount "71"]
[EventDate "2024.11.22"]
[EventType "swiss"]
[EventCountry "UZB"]
[SourceTitle "playchess.com"]
[Source "ChessBase"]
[SourceQuality "1"]
[TimeControl "5400+30"]

1. e4 c5 2. Nf3 d6 3. d4 cxd4 4. Nxd4 Nf6 5. Nc3 Nc6 6. Bg5 e6 7. Qd2 a6 8. O-O-O Be7 9. Kb1 Bd7 10. Nxc6 Bxc6 11. f3 {[%emt 0:00:06] White has an edge.} h6 12. Be3 Qc7 13. h4 b5 14. Ne2 Bb7 15. Nd4 Nd7 16. g4 (16. c4 $1 $14) 16... Ne5 17. Qe1 Rc8 18. Qg3 d5 19. Bf4 Bd6 20. Rh2 Nc4 (20... dxe4 21. Bxb5+ Ke7 (21... axb5 $2 22. Nxb5 Nxf3 23. Nxc7+ $18) 22. fxe4 $16) 21. Bxd6 Qxd6 22. Qxd6 Nxd6 23. e5 Nc4 24. Re1 h5 25. gxh5 Rxh5 26. f4 g6 27. b3 {[%emt 0:01:34][%cal Of1e2] [#] Hoping for Be2!} Nb6 (27... Na5 $1 $11) 28. Be2 $14 Rh6 29. h5 {[%emt 0:03:27] aiming for Rhh1.} Ke7 {[%emt 0:00:07] [#]} 30. Rg2 $1 {[%emt 0:01:24] Black must now prevent hxg6.} gxh5 31. f5 Rf8 32. Rh1 {[%emt 0:07:31] White is much more active.} (32. Rg5 $16 {fxe6 would now be deadly.} h4 33. f6+ Kd8 34. Bh5) 32... Nd7 33. Rg5 h4 34. Bh5 {[%emt 0:00:18] Strongly threatening fxe6.} Rfh8 (34... Nxe5 35. fxe6 (35. Rxh4 $2 Kf6 $19) 35... Rxe6 36. Nxe6 (36. Rxh4 Kd6 $16) 36... Kxe6 37. Rxh4 $11) 35. Bxf7 Nxe5 $17 ({Inferior is} 35... Kxf7 36. fxe6+ Ke8 (36... Rxe6 $2 37. Rf1+ Ke8 38. Nxe6 $18) 37. exd7+ Kxd7 38. Rg7+ Kc8 39. e6 $16 (39. Rh3 R6h7 $14)) 36. fxe6 {[%emt 0:02:46] Weighted Error Value: White=0.14 (very precise) /Black=0.08 (flawless) .  Mistake:       	White=3     	Black=1      Inaccurate:     	White=1     	Black=2      OK:         	White=13    	Black=12     Best:        	White=3     	Black=3      Strong:       	White=1     	---} (36. Bxe6 $2 {too greedy.} Kf6 37. Rg2 h3 $19) 1/2-1/2

[Event "3rd President Cup-A 2024"]
[Site "Tashkent"]
[Date "2024.11.25"]
[Round "5.15"]
[White "Panda Sambit"]
[Black "Saydaliev, Saidakbar"]
[Result "1/2-1/2"]
[ECO "B45"]
[WhiteElo "2380"]
[BlackElo "2473"]
[Annotator "RC"]
[PlyCount "116"]
[EventDate "2024.11.22"]
[EventType "swiss"]
[EventCountry "UZB"]
[SourceTitle "playchess.com"]
[Source "ChessBase"]
[SourceQuality "1"]
[TimeControl "5400+30"]

1. e4 c5 2. Nf3 Nc6 3. d4 cxd4 4. Nxd4 Nf6 5. Nc3 e6 6. Be2 Bb4 7. O-O O-O 8. Nxc6 bxc6 9. e5 Nd5 10. Ne4 f5 11. Nd6 Bxd6 12. exd6 Qb6 13. c4 Nf6 14. b3 c5 15. Bb2 Ne4 16. Be5 Ng5 17. Qd3 Nf7 18. Bb2 Qxd6 19. Qc3 e5 20. Bf3 Rb8 21. Bd5 Bb7 22. Bxf7+ Rxf7 23. Qxe5 Qf8 24. Rfe1 Rc8 25. Rad1 h6 26. f3 Kh7 27. h4 Qd8 28. Qf4 Rc6 29. Rd3 Qa5 30. Re2 Qxa2 31. Kh2 Qb1 32. Qd2 Re6 33. Be5 d6 34. Rxd6 Rxd6 35. Qxd6 Qf1 36. Rd2 Qe1 37. Bg3 Qe3 38. Bf2 Qxb3 39. h5 Qxc4 40. Qg6+ Kg8 41. Bg3 f4 42. Bh4 Bd5 43. Rb2 Rf8 44. Be7 Bf7 45. Qg4 Be6 46. Qg6 Bf5 47. Qd6 Re8 48. Rb7 Qf7 49. Rxa7 c4 50. Qxf4 c3 51. Bc5 Qxh5+ 52. Kg1 Bd3 53. Bd4 Re1+ 54. Kf2 Re2+ 55. Kg1 Re1+ 56. Kf2 Re2+ 57. Kg1 Re1+ 58. Kf2 Re2+ 1/2-1/2

[Event "3rd President Cup-A 2024"]
[Site "Tashkent"]
[Date "2024.11.25"]
[Round "5.18"]
[White "Jubin Jimmy"]
[Black "Khusenkhojaev, Mustafokhuja"]
[Result "1/2-1/2"]
[ECO "D95"]
[WhiteElo "2453"]
[BlackElo "2339"]
[Annotator "TA"]
[PlyCount "106"]
[EventDate "2024.11.22"]
[EventType "swiss"]
[EventCountry "UZB"]
[SourceTitle "playchess.com"]
[Source "ChessBase"]
[SourceQuality "1"]
[TimeControl "5400+30"]

1. d4 Nf6 2. c4 g6 3. Nf3 Bg7 4. Nc3 d5 5. e3 O-O 6. Qb3 e6 7. Be2 b6 8. cxd5 exd5 9. O-O Bb7 10. Ne5 {[%emt 0:00:24] The position is equal.} Nbd7 11. f4 c6 12. Bd2 Ne8 13. Bf3 Nd6 14. Rad1 Nf6 15. Be1 Qe7 16. Bh4 Nf5 17. Bf2 Nd6 18. a4 Rfc8 19. Rfe1 Nfe4 20. Nxe4 Nxe4 21. Bxe4 dxe4 {[%emt 0:00:12] [#]} 22. Bh4 $1 Qe6 (22... Qe8 23. Rd2) 23. Qxe6 fxe6 {[%emt 0:00:01] Black is weak on the dark squares} 24. Be7 Ba6 25. Rd2 {[%emt 0:06:36] White is much more active.} Bxe5 26. fxe5 Bc4 27. Bd6 a6 28. a5 b5 (28... bxa5 $14 29. Ra1 Ra7) 29. Rc1 Ra7 30. Rf2 Rf7 31. Rcc2 Rd8 32. Rxf7 Kxf7 $16 {[%emt 0:00:10][%mdl 4096] Endgame. KRB-KRB} 33. Kf2 Rd7 34. Ke1 Ke8 35. Rf2 Rf7 36. Rf6 Rxf6 37. exf6 $14 {[%emt 0:00:01] KB-KB} Kf7 38. Be7 g5 39. Kd2 b4 40. Ke1 h6 41. Kf2 Bd3 42. Kg3 Be2 {[%emt 0:00:09] White has an edge.} 43. h4 (43. Bxb4 {simplifies} Kxf6 44. Bd6 Kf5 45. Kf2) 43... Bd1 44. hxg5 hxg5 45. Kf2 (45. Bxb4 {simplifies} Kxf6 46. Bd6 Bc2 47. Bc7) 45... Bb3 46. Ke1 (46. Bxb4 {simplifies} Kxf6 47. Bd6 Bc4 48. Bh2) 46... Bc4 47. Kd2 (47. Bxb4 {simplifies} Kxf6 48. Bd6 Bd3 49. Bc7) 47... Bf1 48. g3 g4 49. Kc2 {[%emt 0:00:36][%cal Oc2b3] [#] Strongly threatening Kb3!} Bc4 50. Bxb4 {[%emt 0:00:04] Threatens to win with Kc3.} Kxf6 51. Kc3 Bb5 52. Bd6 Kf7 53. Kb4 Ke8 {[%emt 0:00:09] Weighted Error Value: White=0.05 (flawless) /Black=0.06 (flawless) .  Mistake:       	---       	Black=1      Inaccurate:     	White=2     	Black=3      OK:         	White=22    	Black=20     Best:        	White=1     	Black=1} 1/2-1/2

[Event "3rd President Cup-A 2024"]
[Site "Tashkent"]
[Date "2024.11.25"]
[Round "5.19"]
[White "Pingin, Artem"]
[Black "Kurmangaliyeva, Liya"]
[Result "1-0"]
[ECO "E06"]
[WhiteElo "2447"]
[BlackElo "2324"]
[Annotator "RC"]
[PlyCount "85"]
[EventDate "2024.11.22"]
[EventType "swiss"]
[EventCountry "UZB"]
[SourceTitle "playchess.com"]
[Source "ChessBase"]
[SourceQuality "1"]
[TimeControl "5400+30"]

1. Nf3 d5 2. g3 Nf6 3. Bg2 e6 4. c4 Be7 5. d4 O-O 6. Nc3 a5 7. O-O dxc4 8. e3 Nbd7 9. Qe2 Nb6 10. Rd1 Nfd5 11. Ne5 Bd7 12. Rb1 Qe8 13. Bd2 Nxc3 14. Bxc3 Ba4 15. Rdc1 c6 16. Qe1 Bd6 17. Bxa5 Bxe5 18. dxe5 Nd7 19. Bc7 Qc8 20. Bd6 Re8 21. Rxc4 Bb5 22. Rh4 Rxa2 23. Be4 g6 24. Qd1 Qa8 25. Qf3 Ra1 26. Rxh7 Rf8 27. Bxf8 Rxb1+ 28. Bxb1 Qxf8 29. Rh4 Qc5 30. Qd1 Kg7 31. Be4 Nxe5 32. Bg2 Bd3 33. Rd4 Qb5 34. Qd2 Qa6 35. h3 Be2 36. Qc3 f6 37. e4 Qa1+ 38. Kh2 Nf7 39. Rd7 Qa6 40. Qb4 e5 41. Qxb7 Qc4 42. b3 Qe6 43. Re7 1-0

[Event "3rd President Cup-A 2024"]
[Site "Tashkent"]
[Date "2024.11.25"]
[Round "5.22"]
[White "Shyaam Nikhil P"]
[Black "Akhilbay, Imangali"]
[Result "1/2-1/2"]
[ECO "C13"]
[WhiteElo "2445"]
[BlackElo "2306"]
[Annotator "RC"]
[PlyCount "44"]
[EventDate "2024.11.22"]
[EventType "swiss"]
[EventCountry "UZB"]
[SourceTitle "playchess.com"]
[Source "ChessBase"]
[SourceQuality "1"]
[TimeControl "5400+30"]

1. e4 e6 2. d4 d5 3. Nc3 Nf6 4. Bg5 dxe4 5. Nxe4 Be7 6. Bxf6 gxf6 7. Nf3 f5 8. Ned2 c5 9. dxc5 Bxc5 10. Bb5+ Bd7 11. Bxd7+ Nxd7 12. Nb3 Be7 13. O-O O-O 14. Qe2 Bf6 15. Rad1 Qc7 16. Rd3 Rfd8 17. Rfd1 Ne5 18. Rxd8+ Rxd8 19. Rxd8+ Qxd8 20. Nxe5 Bxe5 21. c3 Qd5 22. Nc1 Qe4 1/2-1/2

[Event "3rd President Cup-A 2024"]
[Site "Tashkent"]
[Date "2024.11.25"]
[Round "5.23"]
[White "Ayush Sharma"]
[Black "Goltseva, Ekaterina"]
[Result "1-0"]
[ECO "A13"]
[WhiteElo "2464"]
[BlackElo "2378"]
[Annotator "RC"]
[PlyCount "119"]
[EventDate "2024.11.22"]
[EventType "swiss"]
[EventCountry "UZB"]
[SourceTitle "playchess.com"]
[Source "ChessBase"]
[SourceQuality "1"]
[TimeControl "5400+30"]

1. Nf3 Nf6 2. c4 e6 3. b3 d5 4. Bb2 c5 5. cxd5 exd5 6. e3 Nc6 7. Bb5 Bd7 8. O-O Bd6 9. Bxf6 Qxf6 10. Nc3 Qh6 11. Nxd5 O-O-O 12. Rc1 Kb8 13. Nc3 Bg4 14. h3 Ne5 15. Be2 Nxf3+ 16. Bxf3 Bxh3 17. Re1 Bf5 18. g3 Qg6 19. e4 Be6 20. e5 Be7 21. Ne4 h5 22. Nxc5 Bxc5 23. Rxc5 h4 24. Bxb7 hxg3 25. Bg2 gxf2+ 26. Kxf2 Qd3 27. Qf3 Qxf3+ 28. Bxf3 a6 29. Ke3 Rh3 30. Rh1 Rxf3+ 31. Kxf3 Bd5+ 32. Rxd5 Rxd5 33. Rh8+ Kc7 34. Rf8 Rxe5 35. Rxf7+ Kc6 36. Rxg7 Ra5 37. Rg6+ Kb7 38. a4 Re5 39. b4 Re1 40. a5 Rb1 41. Rb6+ Kc7 42. Ke4 Kd7 43. d4 Rb3 44. Kd5 Rb1 45. Kc4 Rc1+ 46. Kd3 Rd1+ 47. Kc3 Rc1+ 48. Kd2 Rc8 49. Kd3 Ra8 50. d5 Kc7 51. Kd4 Kd7 52. Rh6 Rb8 53. Rxa6 Rxb4+ 54. Ke5 Rh4 55. Ra7+ Kc8 56. a6 Rh5+ 57. Kd6 Kb8 58. Rb7+ Ka8 59. Re7 Rh6+ 60. Re6 1-0